 Dungeon Crawl Stone Soup version 0.28-a0-1616-g050a50673c (webtiles) character file.

Game seed: 3105596475245039959

69 tatocazan the Bolt Thrower (level 4, -1/34 HPs)
             Began as a Formicid Hunter on Jan 22, 2022.
             Succumbed to an adder's poison
             ... on level 2 of the Dungeon.
             The game lasted 00:02:25 (2896 turns).

tatocazan the Bolt Thrower (Formicid Hunter)        Turns: 2896, Time: 00:02:26

Health: -1/34      AC:  3    Str: 18    XL:     4   Next: 42%
Magic:  4/4        EV: 12    Int: 11    God:
Gold:   92         SH:  0    Dex: 11    Spells: 3/3 levels left

rFire   + . .      SeeInvis +   h - +0 mace
rCold   + . .      Faith    .   (no shield)
rNeg    . . .      Spirit   .   c - +0 leather armour
rPois   +          Reflect  .   (helmet unavailable)
rElec   +          Harm     .   (no cloak)
rCorr   +          Rampage  .   (no gloves)
Will    .....                   (no boots)
Stlth   ++........              (no amulet)
HPRegen 0.11/turn               (no ring)
MPRegen 0.09/turn               (no ring)

@: lethally poisoned (-1 -> -9), resistant
A: permanent stasis, dig shafts and tunnels, antennae 3, four strong arms
a: Dig, Shaft Self


You were on level 2 of the Dungeon.
You visited 1 branch of the dungeon, and saw 2 of its levels.

You collected 92 gold pieces.

Inventory:

Hand Weapons
 a - a +1 hand crossbow of freezing
 h - a +0 mace (weapon)
Missiles
 d - 18 bolts
Armour
 c - a +0 leather armour (worn)
Jewellery
 i - a ring of ice
Scrolls
 b - a scroll of immolation {unknown}
 f - a scroll of enchant weapon {unknown}
 g - a scroll of teleportation {unknown}
 j - a scroll of fear {unknown}


   Skills:
 + Level 2.9 Fighting
 + Level 1.3 Maces & Flails
 + Level 4.3 Crossbows
 + Level 2.3 Dodging
 + Level 2.4 Stealth


You had 3 spell levels left.
You didn't know any spells.
Your spell library was empty.

Dungeon Overview and Level Annotations

Branches:
Dungeon (2/15)

Altars:


Innate Abilities, Weirdness & Mutations

You cannot be hasted, slowed, berserked, paralysed or teleported.
You can dig through walls and to a lower floor.
You have a pair of large antennae on your head. (SInv)
Your four strong arms can wield two-handed weapons with a shield.


Message History

You are too injured to fight recklessly!
You are too injured to fight recklessly!
You take 12 damage, and have 9/34 hp.
MASSIVE DAMAGE!!
You are too injured to fight recklessly!
You are too injured to fight recklessly!
You are too injured to fight recklessly!
You are too injured to fight recklessly!
You are too injured to fight recklessly!
You are too injured to fight recklessly!
You are too injured to fight recklessly!
You are too injured to fight recklessly!
You are too injured to fight recklessly!
You are too injured to fight recklessly!
You are too injured to fight recklessly!
You are too injured to fight recklessly!
You are too injured to fight recklessly!
You are too injured to fight recklessly!
You are too injured to fight recklessly!
You are too injured to fight recklessly!
You are too injured to fight recklessly!
You are too injured to fight recklessly!
You are too injured to fight recklessly!
You are too injured to fight recklessly!
You are too injured to fight recklessly!
You are too injured to fight recklessly!
You are too injured to fight recklessly!
It was a potion of resistance.
You feel protected.
You feel sick. The adder bites you.
* * * LOW HITPOINT WARNING * * *
You are more poisoned.
The adder poisons you! The endoplasm barely misses you.
The kobold hits you but does no damage.
You take 5 damage, and have 4/34 hp.
* * * LOW HITPOINT WARNING * * *
You feel very sick. The adder barely misses you.
The adder bites you but does no damage. The endoplasm barely misses you.
The kobold closely misses you.
You take 3 damage, and have 1/34 hp.
You die...

#.# #.# #.# #
#.# .#### #.####
.... .....
#..##..#
#.JK...##
.###$S@....#
.>.....#...###.#
######.........#
####.###### #.#
#.# #.# ##'##
##.#### ##...##
##...##.
##.....##
#.......
##.......##
##...##.


You could see an adder, an endoplasm and a kobold.

Vanquished Creatures
  A gnoll (D:1)
  An adder (D:2)
  2 dart slugs (D:1)
  4 bats
  6 endoplasms
  A giant cockroach (D:1)
  7 goblins
  3 hobgoblins
  6 kobolds
  3 quokkas
  3 ball pythons
  2 frilled lizards
  5 rats
44 creatures vanquished.

Notes
Turn   | Place    | Note
-------+----------+-------------------------------------------
     0 | D:1      | tatocazan the Formicid Hunter began the quest for the Orb.
     0 | D:1      | Reached XP level 1. HP: 16/16 MP: 1/1
   409 | D:1      | Reached XP level 2. HP: 18/23 MP: 2/2
   849 | D:1      | Found a faded altar of an unknown god.
   855 | D:1      | Reached XP level 3. HP: 24/28 MP: 3/3
  1281 | D:1      | Reached skill level 1 in Maces & Flails
  1884 | D:2      | Reached XP level 4. HP: 5/34 MP: 4/4
  2895 | D:2      | HP: 1/34 [poisoned by an adder]
  2896 | D:2      | Succumbed to an adder's poison

Illustrated notes

Levels and vault maps discovered:
D:1:      mrwooster_arrival_statue_2, layout_rooms,
          chequers_ecumenical_altar_simple
D:2:      minmay_razor_zed, layout_loops_corners

Skill      XL: |  1  2  3 |
---------------+----------+-----
Dodging        | 2 |  2.3
Stealth        | 2 |  2.4
Maces & Flails | 1 |  1.3
Fighting       | |  2.9
Crossbows      | |  4.3

Action                   |  1- 3 |  4- 6 || total
-------------------------+-------+-------++-------
Melee: Club              |    65 |       ||    65
       Short sword       |     3 |       ||     3
       Mace              |    17 |    49 ||    66
       Punch             |     1 |       ||     1
 Fire: Hand crossbow     |    21 |       ||    21
  Use: Scroll            |     2 |       ||     2
       Potion            |       |     1 ||     1
 Stab: Sleeping          |     1 |     1 ||     2
Armor: Leather armour    |    25 |    24 ||    49
Dodge: Dodged            |    71 |    41 ||   112

Table legend: (Time is in decaauts)
 A = Elapsed time spent in this place.
 B = Non-inter-level travel time spent in this place.
 C = Inter-level travel time spent in this place.
 D = Time resting spent in this place.
 E = Time spent auto-exploring this place.
 F = Levels seen in this place.
 G = Mean time per level.
                   A        B        C        D        E       F      G
               +--------+--------+--------+--------+--------+-----+--------+
         Total |   2941 |   2933 |      8 |    894 |   1645 |   2 | 1470.5 |
       Dungeon |   2941 |   2933 |      8 |    894 |   1645 |   2 | 1470.5 |
               +--------+--------+--------+--------+--------+-----+--------+

Top non-repeatable levels by time:
     D:1: 1516 daAuts
     D:2: 1424 daAuts
